 Dungeon Crawl Stone Soup version 0.27.1-2-g3b301248ec (webtiles) character file.

Game seed: 17251659287245043070

64806 safid the Peltast (level 15, -2/126 HPs)
             Began as a Hill Orc Fighter on Sept 20, 2021.
             Was the Champion of Beogh.
             Slain by an apocalypse crab (22 damage)
             ... on level 2 of the Abyss on Sept 23, 2021.
             The game lasted 01:35:37 (23007 turns).

safid the Peltast (Hill Orc Fighter)               Turns: 23007, Time: 01:35:38

Health: -2/126     AC: 24    Str: 26    XL:     15   Next: 14%
Magic:  18/18      EV:  9    Int: 10    God:    Beogh [******]
Gold:   413        SH: 25    Dex: 19    Spells: 14/14 levels left

rFire    + . .     SeeInvis .   a - +1 war axe (elec)
rCold    . . .     Faith    .   h - +1 tower shield
rNeg     . . .     Spirit   .   T - +3 scale mail "Talygg" {rF+ Dex+4}
rPois    +         Reflect  .   o - +1 hat
rElec    +         Harm     .   M - +2 cloak {rCorr}
rCorr    +         Rampage  .   z - +1 pair of gloves {archery}
Will     +....                  i - +2 pair of boots
Stlth    ..........             x - amulet of the acrobat
HPRegen  0.31/turn              s - ring "Ogoj" {rElec rPois Int+2 Dex+5}
MPRegen  0.16/turn              b - +4 ring of protection

@: about to teleport, on berserk cooldown, slowed, very slow
A: walk on water
a: Renounce Religion, Smiting, Recall Orcish Followers, Give Item to Named
Follower, Resurrection


You were on level 2 of the Abyss.
You worshipped Beogh.
Beogh was exalted by your worship.
You visited 4 branches of the dungeon, and saw 21 of its levels.
You visited the Abyss 1 time.

You collected 2197 gold pieces.
You spent 1784 gold pieces at shops.

Inventory:

Hand Weapons
 a - a +1 war axe of electrocution (weapon)
 p - a +2 glaive of protection
 F - a +3 eveningstar
Missiles
 e - 3 silver javelins
 j - 26 javelins
 r - 64 poisoned darts (quivered)
 t - 4 throwing nets
 E - 4 silver boomerangs
Armour
 h - a +1 tower shield (worn)
 i - a +2 pair of boots (worn)
 o - a +1 hat (worn)
 z - a +1 pair of gloves of archery (worn)
 M - a +2 cloak of preservation (worn)
 T - the +3 scale mail "Talygg" (worn) {rF+ Dex+4}
   (You bought it in a shop on level 2 of the Orcish Mines)

   Dex:       It affects your dexterity (+4).
   rF:        It protects you from fire.
Jewellery
 b - a +4 ring of protection (right hand)
 s - the ring "Ogoj" (left hand) {rElec rPois Int+2 Dex+5}
   (You found it on level 7 of the Dungeon)

   [ring of poison resistance]

   Int:       It affects your intelligence (+2).
   Dex:       It affects your dexterity (+5).
   rElec:     It insulates you from electricity.
   rPois:     It protects you from poison.
 x - an amulet of the acrobat (around neck)
 Q - a ring of flight
Wands
 d - a wand of flame (20)
 m - a wand of polymorph (9)
 n - a wand of digging (5)
 y - a wand of mindburst (13)
 C - a wand of iceblast (41)
 L - a wand of acid (10)
Scrolls
 f - 3 scrolls of teleportation
 k - a scroll of magic mapping
 v - 2 scrolls of blinking
 J - 3 scrolls of fog
 N - 2 scrolls of identify
 O - a scroll of silence
 P - a scroll of amnesia
Potions
 c - 4 potions of curing
 g - a potion of resistance
 l - 3 potions of berserk rage
 q - a potion of ambrosia
 u - 4 potions of flight
 B - 2 potions of haste
 H - a potion of brilliance
 I - a potion of might
 R - a potion of magic
Miscellaneous
 A - a phial of floods
 D - a tin of tremorstones (2/2)
 K - a box of beasts


   Skills:
 - Level 10.0 Fighting
 - Level 16.0 Axes
 - Level 1.0 Throwing
 - Level 6.0 Armour
 + Level 20.9 Shields
 - Level 5.2 Invocations


You had 14 spell levels left.
You didn't know any spells.
Your spell library contained the following spells:

 Spells                   Type           Power      Damage    Failure   Level
 Corona                   Hex            0%         N/A       80%         1
 Magic Dart               Conj           0%         1d3       80%         1
 Ensorcelled Hibernation  Hex/Ice        0%         N/A       91%         2
 Passwall                 Tmut/Erth      0%         N/A       91%         2
 Searing Ray              Conj           0%         3d3       91%         2
 Dazzling Flash           Conj/Hex       0%         N/A       99%         3
 Frozen Ramparts          Ice            0%         1d2       99%         3
 Gell's Gravitas          Tloc           0%         N/A       99%         3
 Lesser Beckoning         Tloc           0%         N/A       99%         3
 Swiftness                Air            0%         N/A       99%         3
 Teleport Other           Tloc           0%         N/A       99%         3
 Tukima's Dance           Hex            0%         N/A       99%         3
 Fulminant Prism          Conj/Hex       0%         3d6       100%        4
 Ice Form                 Ice/Tmut       0%         N/A       100%        4
 Iskenderun's Mystic Bla  Conj/Tloc      0%         2d3       100%        4
 Summon Ice Beast         Ice/Summ       0%         N/A       100%        4
 Invisibility             Hex            0%         N/A       100%        6
 Starburst                Conj/Fire      0%         6d3       100%        6


Dungeon Overview and Level Annotations

Branches:
Dungeon (12/15)            Temple (0/1) D:7            Lair (6/6) D:9
  Swamp (0/4) Lair:4       Spider (0/4) Lair:4          Orc (2/2) D:12
    Elf (1/3) Orc:2
  Slime: Lair:5-6

Altars:
Cheibriados
Dithmenos
Elyvilon
Fedhas
Gozag
Hepliaklqana
Makhleb
Okawaru
Sif Muna
Vehumet
Wu Jian
Yredelemnul
Zin

Shops:
D:2 *   D:10 **   D:12 ([(   Orc:2 :*([[

Annotations:
D:5 3 runed translucent doors, Icepheonix32's ghost, weakling KoDe; chaosape's ghost, novice GnWn


Message History

You catch the helpless apocalypse crab completely off-guard!
You hit the apocalypse crab but do no damage.
Lightning courses through the apocalypse crab!
The apocalypse crab is lightly wounded.
You barely miss the apocalypse crab.
The apocalypse crab is lightly wounded.
You block the apocalypse crab's attack. x2
You hit the apocalypse crab.
The apocalypse crab is lightly wounded.
You hit the large abomination but do no damage.
Your shield prevents you from hitting the iron imp.
The apocalypse crab bites you but does no damage.
You block the apocalypse crab's attack. The large abomination hits you!
* * * LOW HITPOINT WARNING * * *
The iron imp picks up a beetle and eats it.
You block the iron imp's attack.
You barely miss the apocalypse crab.
The apocalypse crab is lightly wounded.
Your scale mail "Talygg" prevents you from hitting the iron imp.
You hit the large abomination.
You block the apocalypse crab's attack. x2
The large abomination hits you!
* * * LOW HITPOINT WARNING * * *
The iron imp hits you but does no damage.
A balrug comes into view.
It is wielding a +1 demon whip of venom.
Blink to where?
Press: ? - help, Dir - move target
Okay, then.
As you read the scroll of teleportation, it crumbles to dust.
You feel strangely unstable.
You feel the power of the Abyss delaying your translocation!
The balrug shouts!
You hear a shout!
You block the apocalypse crab's attack.
The apocalypse crab claws you but does no damage.
You block the large abomination's attack.
You block the iron imp's attack.
The apocalypse crab bites you but does no damage.
The apocalypse crab claws you!
* * * LOW HITPOINT WARNING * * *
The apocalypse crab freezes you!!
You die...

.# ..# #..
#.####### ...
#(....###..#. #.
...#....
#...###..#..
###.#......
##...5.t.###.
#.....@X##
#...#.#..#.....#
#..##..#.#..
.$##. ..
#...#.#...## . #
### # #.## # .#
#) .#


You could see an apocalypse crab, a large abomination and an iron imp.

Vanquished Creatures
  A tentacled starspawn (Abyss:2)
  A deep elf sorcerer (Elf:1)
  Snorg (D:12)
  2 hydras (Lair:4)
  2 two-headed ogres
  3 death yaks
  Urug (Lair:1)
  2 deep elf knights (Elf:1)
  A lindwurm (Lair:5)
  A deep elf pyromancer (D:12)
  An orc sorcerer (Orc:1)
  A manticore (D:12)
  3 cyclopes
  2 elephants (Lair:6)
  2 centaur zombies (D:11)
  2 black mambas
  A torpor snail (Lair:6)
  6 cane toads
  5 komodo dragons
  An ancient zyme (Abyss:2)
  2 polar bears
  A hornet (D:8)
  7 trolls
  4 raiju (Abyss:2)
  14 blink frogs
  A meliai zombie (D:10)
  A vampire (D:11)
  2 wraiths (D:10)
  2 shadows
  29 yaks
  3 wyverns (Lair:5)
  2 steam dragons
  A chaos spawn (Abyss:2)
  A basilisk (Lair:4)
  6 vampire mosquitoes
  A large abomination (Abyss:2)
  5 wargs
  11 water moccasins
  17 orc warriors
  A hornet zombie (D:8)
  An ice beast (D:7)
  2 black bears
  6 wolves
  A necrophage (D:7)
  2 ogres
  3 centaurs
  14 bullfrogs
  2 gnoll sergeants
  3 scorpions
  A wyvern skeleton (D:4)
  2 water moccasin skeletons
  3 wights (D:8)
  2 howler monkeys
  3 crimson imps (Abyss:2)
  3 hounds
  A quasit (Abyss:2)
  A jelly (D:5)
  2 gnoll shamans (D:7)
  3 orc priests
  Jessica (D:3)
  A centaur skeleton (D:6)
  2 iguanas (D:4)
  9 orc wizards
  A hound zombie (D:5)
  A hound skeleton (D:4)
  2 howler monkey skeletons
  12 gnolls
  7 adders
  2 white imps (Abyss:2)
  2 ufetubi
  An adder skeleton (D:4)
  3 worms
  A dart slug (D:2)
  34 orcs
  6 ball pythons
  3 endoplasms
  A giant cockroach (D:2)
  9 goblins
  3 hobgoblins
  5 jackals
  3 quokkas
  5 bats
  4 frilled lizards
  6 kobolds
  A quokka skeleton (D:4)
  6 rats
336 creatures vanquished.

Vanquished Creatures (collateral kills)
  An orc warlord (Orc:2)
  6 hydras
  An alligator (Lair:5)
  8 dancing weapons (Elf:1)
  11 death yaks
  2 orc high priests (Orc:2)
  Nergalle (Lair:2)
  A deep elf knight (Elf:1)
  3 deep elf archers (Elf:1)
  3 orc knights (Orc:2)
  8 deep elf pyromancers (Elf:1)
  A lindwurm (Lair:5)
  6 deep elf zephyrmancers (Elf:1)
  An orc sorcerer (Orc:2)
  12 elephants (Lair:6)
  7 cane toads
  8 komodo dragons
  A rime drake (Lair:3)
  A rime drake (shapeshifter) (Elf:1)
  A troll (Orc:2)
  18 blink frogs
  A redback (Lair:4)
  A fire elemental (Elf:1)
  12 yaks
  A basilisk (Lair:4)
  A steam dragon (Lair:3)
  A warg (Orc:2)
  2 swamp worms (Lair:4)
  10 water moccasins
  6 orc warriors (Orc:2)
  5 wolves
  2 ogres (Orc:2)
  A bullfrog (Lair:5)
  An electric eel (Lair:2)
  3 orc priests (Orc:1)
  An orc wizard (Orc:1)
  2 orcs (Orc:2)
  A plant (Lair:4)
152 creatures vanquished.

Vanquished Creatures (others)
  An orc warlord (Elf:1)
  Erolcha (Orc:1)
  5 orc warriors
  An orc priest (D:7)
  An orc wizard (Orc:1)
  12 orcs
  A bush (Lair:2)
  88 fungi
  90 plants
  2 starspawn tentacles (Abyss:2)
202 creatures vanquished.

Grand Total: 690 creatures vanquished

Notes
Turn   | Place    | Note
-------+----------+-------------------------------------------
     0 | D:1      | safid the Hill Orc Fighter began the quest for the Orb.
     0 | D:1      | Reached XP level 1. HP: 19/19 MP: 1/1
   123 | D:1      | Reached XP level 2. HP: 27/27 MP: 2/2
   613 | D:1      | Reached XP level 3. HP: 33/33 MP: 3/3
  1087 | D:2      | Found Osef Gyl's General Store.
  1177 | D:2      | Bought a scroll of identify for 22 gold pieces
  1318 | D:2      | Reached XP level 4. HP: 34/40 MP: 4/4
  1342 | D:2      | Reached skill level 4 in Shields
  1640 | D:2      | Found a faded altar of an unknown god.
  2272 | D:3      | Noticed Jessica
  2275 | D:3      | Killed Jessica
  2278 | D:3      | Found an ornate altar of the Wu Jian Council.
  2386 | D:3      | Found a burning altar of Makhleb.
  2625 | D:4      | Reached XP level 5. HP: 44/46 MP: 5/5
  2685 | D:4      | Found a radiant altar of Vehumet.
  2734 | D:4      | Found a blossoming altar of Fedhas.
  2813 | D:4      | Identified the +2 leather armour of Viny Salvation {rPois
                  | rF+ Dex+4}
  2826 | D:4      | Reached skill level 5 in Axes
  3012 | D:4      | Reached XP level 6. HP: 10/53 MP: 6/6
  3379 | D:4      | Reached skill level 5 in Shields
  3615 | D:5      | Entered Level 5 of the Dungeon
  3617 | D:5      | Noticed a water moccasin
  3628 | D:5      | Killed a water moccasin
  3629 | D:5      | Reached XP level 7. HP: 19/60 MP: 7/7
  3843 | D:5      | Reached skill level 6 in Shields
  3844 | D:5      | Found a runed translucent gate.
  3853 | D:5      | Identified the +5 robe "Duixzoz" {rPois rF+ Str-3 Dex+5}
  4025 | D:5      | Found a runed translucent gate.
  4025 | D:5      | Found a runed translucent gate.
  4025 | D:5      | Noticed Icepheonix32's ghost (weakling KoDe)
  4026 | D:5      | Noticed chaosape's ghost (novice GnWn)
  4026 | D:5      | Noticed Icepheonix32's ghost (weakling KoDe)
  4173 | D:6      | Reached skill level 5 in Fighting
  4217 | D:6      | Noticed a steam dragon
  4311 | D:6      | Reached XP level 8. HP: 61/68 MP: 8/8
  4399 | D:6      | Found an iron altar of Okawaru.
  4440 | D:6      | Found a white marble altar of Elyvilon.
  4629 | D:6      | Found a shadowy altar of Dithmenos.
  4728 | D:6      | Reached skill level 7 in Shields
  5044 | D:7      | Identified the +10 quarterstaff of Okawaru's Approval
                  | {freeze, rElec rCorr Int+4}
  5087 | D:7      | Became a worshipper of Beogh the Brigand
  5137 | D:7      | Found a staircase to the Ecumenical Temple.
  5227 | D:7      | Identified the ring "Ogoj" {rElec rPois Int+2 Dex+5}
  5561 | D:7      | Reached XP level 9. HP: 60/75 MP: 9/9
  5563 | D:7      | Reached skill level 8 in Shields
  5753 | D:8      | Noticed a troll
  5760 | D:8      | Killed a troll
  5761 | D:8      | Reached skill level 10 in Axes
  5761 | D:8      | Reached skill level 5 in Armour
  5833 | D:8      | Found a shimmering blue altar of Sif Muna.
  6186 | D:7      | Reached skill level 9 in Shields
  6877 | D:8      | Noticed a hornet
  6880 | D:8      | Killed a hornet
  6881 | D:8      | Reached XP level 10. HP: 86/86 MP: 10/10
  7061 | D:8      | Reached skill level 10 in Shields
  7315 | D:8      | Found a hazy altar of Hepliaklqana.
  7556 | D:9      | Noticed a two-headed ogre
  7563 | D:9      | Killed a two-headed ogre
  7787 | D:9      | Reached skill level 11 in Shields
  7912 | D:9      | Reached * piety under Beogh
  8169 | D:9      | Found Zin's Purification Station.
  8172 | D:9      | Found a glowing silver altar of Zin.
  8176 | D:9      | Bought a potion of curing for 90 gold pieces
  8406 | D:9      | Found a staircase to the Lair.
  8536 | D:9      | Found a basalt altar of Yredelemnul.
  8551 | D:9      | Found a snail-covered altar of Cheibriados.
  8701 | Lair:1   | Entered Level 1 of the Lair of Beasts
  8702 | Lair:1   | Upgraded the game from 0.27.1-1-g398f81649c to
                  | 0.27.1-2-g3b301248ec
  8705 | Lair:1   | Noticed a cane toad
  8709 | Lair:1   | Killed a cane toad
  8830 | Lair:1   | Identified the +7 dagger "Pafo" {venom, rN+ rCorr Int+3}
  8882 | Lair:1   | Noticed Urug
  8973 | Lair:1   | Reached XP level 11. HP: 94/94 MP: 11/11
  9111 | Lair:1   | Reached skill level 12 in Shields
  9261 | Lair:1   | Killed Urug
  9784 | Lair:2   | Noticed a six-headed hydra
  9792 | Lair:2   | Killed a six-headed hydra
  9793 | Lair:2   | Reached skill level 1 in Throwing
 10070 | Lair:2   | Noticed a death yak
 10198 | Lair:2   | Identified the +10 quarterstaff of Nadghued {vorpal, rF+
                  | rCorr Str+4}
 10367 | Lair:2   | Noticed Nergalle
 10638 | Lair:2   | Noticed a death yak
 10649 | Lair:2   | Noticed a death yak
 10732 | D:10     | Entered Level 10 of the Dungeon
 10736 | D:10     | Found an opulent altar of Gozag.
 10970 | D:10     | Reached ** piety under Beogh
 11103 | D:10     | Reached skill level 15 in Axes
 11237 | D:10     | Found Cefexoto's General Store.
 11249 | D:10     | Reached skill level 1 in Invocations
 11252 | D:10     | Bought a scroll of enchant armour for 105 gold pieces
 11252 | D:10     | Bought a potion of heal wounds for 70 gold pieces
 11331 | D:10     | Found Harraun's General Store.
 11342 | D:10     | Bought 3 silver javelins for 86 gold pieces
 11648 | D:10     | Reached XP level 12. HP: 105/105 MP: 11/13
 11879 | D:11     | Reached skill level 13 in Shields
 13035 | D:12     | Noticed a two-headed ogre
 13044 | D:12     | Killed a two-headed ogre
 13045 | D:12     | Reached skill level 10 in Fighting
 13471 | D:12     | Found Fizari's Weapon Shop.
 13474 | D:12     | Noticed Snorg
 13490 | D:12     | Killed Snorg
 13521 | D:12     | Found a staircase to the Orcish Mines.
 13523 | D:12     | Found Lehido's Armour Shop.
 13533 | D:12     | Reached skill level 5 in Invocations
 13550 | D:12     | Found Pucamp's Antique Weapon Shoppe.
 13994 | Orc:1    | Entered Level 1 of the Orcish Mines
 14005 | D:12     | Reached *** piety under Beogh
 14597 | Orc:1    | Reached skill level 14 in Shields
 14861 | Orc:1    | Noticed Erolcha
 14875 | Orc:1    | Killed Erolcha
 15475 | Orc:2    | Entered Level 2 of the Orcish Mines
 15551 | Orc:2    | Found Voschor's Antique Armour Emporium.
 15561 | Orc:2    | Bought an embroidered cloak for 262 gold pieces
 15584 | Orc:2    | Found Sohuyts's General Store.
 15603 | Orc:2    | Bought 2 potions of heal wounds for 120 gold pieces
 15603 | Orc:2    | Bought a scroll of enchant armour for 90 gold pieces
 15603 | Orc:2    | Bought a potion of heal wounds for 60 gold pieces
 15619 | Orc:2    | Found Ophiwek's Book Shop.
 15620 | Orc:2    | Noticed an orc high priest
 15625 | Orc:2    | Killed an orc high priest
 15710 | Orc:2    | Noticed an orc high priest
 15711 | Orc:2    | Found Keerph's Antique Weapon Shop.
 15718 | Orc:2    | Killed an orc high priest
 15719 | Orc:2    | Reached skill level 15 in Shields
 15720 | Orc:2    | Gained Arbolt as an ally
 15721 | Orc:2    | Reached XP level 13. HP: 113/113 MP: 16/16
 15776 | Orc:2    | Noticed an orc warlord
 15777 | Orc:2    | Found Oryhoso's Antique Armour Shop.
 15788 | Orc:2    | Killed an orc warlord
 15931 | Orc:2    | Bought a pair of embroidered gloves for 232 gold pieces
 15972 | Orc:2    | Found a staircase to the Elven Halls.
 16267 | Elf:1    | Entered Level 1 of the Elven Halls
 16283 | Elf:1    | Reached **** piety under Beogh
 16662 | Lair:2   | Killed Nergalle
 16663 | Lair:2   | Reached skill level 16 in Shields
 18040 | Lair:4   | Reached skill level 17 in Shields
 18454 | Lair:4   | Found a staircase to the Swamp.
 18506 | Lair:4   | Found a hole to the Spider Nest.
 18592 | Lair:4   | Gained Gorm as an ally
 18768 | Lair:4   | Reached ***** piety under Beogh
 19420 | Lair:5   | Reached skill level 18 in Shields
 19482 | Lair:5   | Reached XP level 14. HP: 96/121 MP: 17/17
 20297 | Lair:5   | Reached skill level 19 in Shields
 20806 | Lair:6   | Entered Level 6 of the Lair of Beasts
 20829 | Lair:6   | Gained Spirok as an ally
 21099 | Lair:6   | Gained Ognian as an ally
 21111 | Lair:6   | Reached ****** piety under Beogh
 21722 | Orc:2    | Bought a pair of translucent boots for 332 gold pieces
 21722 | Orc:2    | Identified the +0 pair of boots "Cusaissa" {rF- Int+3
                  | Dex+2} (You bought it in a shop on level 2 of the Orcish
                  | Mines)
 21722 | Orc:2    | Bought a faintly humming scale mail for 315 gold pieces
 21722 | Orc:2    | Identified the +3 scale mail "Talygg" {rF+ Dex+4} (You
                  | bought it in a shop on level 2 of the Orcish Mines)
 21808 | Elf:1    | Found a radiant altar of Vehumet.
 21822 | Elf:1    | Reached skill level 20 in Shields
 22168 | Elf:1    | Your ally Ognian died
 22554 | Elf:1    | Noticed a deep elf sorcerer
 22557 | Elf:1    | Paralysed by an air elemental for 1 turns
 22559 | Elf:1    | Noticed a deep elf demonologist
 22560 | Elf:1    | Reached XP level 15. HP: 90/126 MP: 15/18
 22564 | Elf:1    | Killed a deep elf sorcerer
 22566 | Elf:1    | Paralysed by an air elemental for 1 turns
 22568 | Elf:1    | Cast into level 2 of the Abyss (a deep elf demonologist)
 22694 | Abyss:2  | Found a corrupted altar of Lugonu.
 22849 | Abyss:2  | Noticed a tentacled starspawn
 22874 | Abyss:2  | Killed a tentacled starspawn
 23006 | Abyss:2  | Noticed a balrug
 23007 | Abyss:2  | Slain by an apocalypse crab

Illustrated notes

Levels and vault maps discovered:
D:1:      dpeg_arrival_rooms_with_view, layout_basic, minmay_misc_feat_encased,
          minmay_surrounded
D:2:      layout_loops_ring, ebering_ecumenical_altar_ruins, serial_shops,
          nicolae_shop_competitors_out_of_business, fountainhead
D:3:      layout_loops_ring, lemuel_round_altar, nicolae_overflow_hidden_temple,
          uniq_jessica
D:4:      layout_gridville, mainiacjoe_overflow_big_doors,
          kennysheep_generic_room_11
D:5:      layout_rooms, gammafunk_ghost_cemetery
D:6:      layout_basic, grunt_dithmenos_smoke_and_mirrors, okawaru_trees_1,
          lemuel_round_altar, amcnicky_mini_corridor_feature
D:7:      layout_basic, minmay_temple_entry_junction_2, lemuel_old_faithful
D:8:      layout_loops_ring, mainiacjoe_overflow_tiny_flanked, marbit_many_paths
D:9:      layout_rooms, zin_purify, slow_altar_2, lemuel_tele_altar,
          due_lair_maze_entry_diamond
D:10:     layout_loops_ring, grunt_gozag_statues, serial_shops,
          nicolae_lakefront_shop, nicolae_shop_temple_entry_statues_fountains,
          nooodl_orcs_dogs
D:11:     layout_basic
D:12:     layout_basic, orc_david_3, serial_shops, nicolae_inconvenience_store,
          uniq_snorg
Lair:1:   layout_long_grid, chequers_serial_rivers_large_b, beast_lair_carwin_1,
          uniq_urug
Lair:2:   layout_concentric_octagons, infiniplex_staircase_pool,
          grunt_megastairs_2, uniq_nergalle
Lair:3:   layout_loops_ring
Lair:4:   layout_long_grid, palyth_hydra_swamp_entry, spider_nest_entry_a
Lair:5:   layout_hall_layers, nicolae_volcano_entry_vermiform, nzn_random_ring
Lair:6:   cheibrodos_lair_end_hotspot, layout_hall_layers,
          nicolae_slime_entry_slimehenge
Orc:1:    layout_caves, nicolae_orc_pool_cavern, uniq_erolcha
Orc:2:    grunt_orc_gardens, layout_caves, grunt_orc_garden, grunt_orc_garden,
          grunt_orc_garden, grunt_orc_garden, serial_shops, nicolae_shop_stone
Elf:1:    eino_elf_arrival_altar, layout_gridlike, minmay_elf_demonology,
          einodemon_armed_red_devil_minivault, grunt_megastairs_5
Abyss:2:  base: D:2, guppyfry_abyss_exit_imp_island,
          guppyfry_abyss_exit_glass_guarded, base:
Volcano

Skill      XL: |  1  2  3  4  5  6  7  8  9 10 11 12 13 14 |
---------------+-------------------------------------------+-----
Axes           | 3 4 5 6 7 9 11 13 15 16 | 16.0
Fighting       | 4 5 7 8 9 10 | 10.0
Shields        | 4 5 6 7 9 11 12 15 18 20 | 20.9
Armour         | 4 5 6 |  6.0
Throwing       | 1 |  1.0
Invocations    | 1 5 |  5.2

Action                   |  1- 3 |  4- 6 |  7- 9 | 10-12 | 13-15 || total
-------------------------+-------+-------+-------+-------+-------++-------
Melee: War axe           |    93 |   144 |   207 |   458 |   436 ||  1338
       Eveningstar       |       |       |       |     2 |    18 ||    20
Throw: Dart              |       |       |     5 |     6 |     1 ||    12
Invok: Convert to Beogh  |       |       |     1 |       |       ||     1
       Recall Orcish Fol |       |       |       |       |     8 ||     8
       Give Item to Name |       |       |       |       |     3 ||     3
  Use: Scroll            |       |     8 |     6 |     8 |     5 ||    27
       Potion            |       |     2 |     2 |     3 |     9 ||    16
 Stab: Invisible         |       |       |       |     3 |       ||     3
       Distracted        |       |       |       |     1 |     9 ||    10
       Sleeping          |       |       |       |       |     1 ||     1
Armor: Scale mail        |    55 |    51 |       |       |    51 ||   157
       Leather armour    |       |    26 |    76 |   136 |    79 ||   317
       Skin              |       |     1 |    14 |       |       ||    15
Dodge: Dodged            |    31 |    44 |    48 |   127 |   113 ||   363
Block: Kite shield       |    28 |       |       |       |       ||    28
       Tower shield      |    39 |   160 |   216 |   481 |   455 ||  1351
